 Dungeon Crawl Stone Soup version 0.22.1-2-g9c5b331383 (webtiles) character file.

82 Pytinka the Shield-Bearer (level 4, -2/40 HPs)
             Began as a Minotaur Fighter on Dec 23, 2018.
             Slain by Sigmund
             ... wielding a +4 scythe of freezing
              (3 damage)
             ... on level 2 of the Dungeon.
             The game lasted 00:01:43 (734 turns).

Pytinka the Shield-Bearer (Minotaur Fighter)         Turns: 734, Time: 00:01:44

Health: -2/40      AC:  7    Str: 22    XL:     4   Next: 21%
Magic:  3/3        EV:  7    Int:  5    God:
Gold:   38         SH:  9    Dex:  9    Spells: 3/3 levels left

rFire    . . .     SeeInvis .   a - +0 war axe
rCold    . . .     Gourm    .   c - +0 shield
rNeg     . . .     Faith    .   b - +0 scale mail
rPois    .         Spirit   .   (helmet restricted)
rElec    .         Reflect  .   (no cloak)
rCorr    .         Harm     .   (no gloves)
MR       .....                  (no boots)
Stlth    ..........             (no amulet)
HPRegen  0.13/turn              (no ring)
MPRegen  0.08/turn              (no ring)

@: no status effects
A: retaliatory headbutt, horns 2
a: no special abilities


You were on level 2 of the Dungeon.
You were not hungry.

You visited 1 branch of the dungeon, and saw 2 of its levels.

You collected 38 gold pieces.

Inventory:

Hand Weapons
 a - a +0 war axe (weapon)
Armour
 b - a +0 scale mail (worn)
 c - a +0 shield (worn)
Scrolls
 e - 2 scrolls of random uselessness {unknown}
 j - 2 scrolls of identify {unknown}
 k - a scroll of enchant weapon {unknown}
 l - a scroll of noise {unknown}
Potions
 d - a potion of might
 g - a potion of haste {unknown}
 h - 3 potions of curing {unknown}
 m - a potion of flight {unknown}
 n - a potion of heal wounds {unknown}
Comestibles
 f - 4 rations


   Skills:
 + Level 4.1 Fighting
 + Level 4.1 Axes
 + Level 4.0 Armour
 + Level 0.5 Dodging
 + Level 4.2 Shields


You had 3 spell levels left.
You didn't know any spells.
Your spell library was empty.

Dungeon Overview and Level Annotations

Branches:
Dungeon (2/15)

Altars:

Annotations:
D:2 Sigmund


Innate Abilities, Weirdness & Mutations

You reflexively headbutt those who attack you in melee.
You have a pair of horns on your head.


Message History

You barely miss the kobold. The kobold closely misses you.
You furiously retaliate!
You headbutt the kobold!
You kill the kobold!
You hit the giant cockroach.
You kill the giant cockroach!
Something hits you but does no damage.
Things that are here:
a dagger; a giant cockroach corpse You slash something!
Something hits you but does no damage.
You miss something. Your headbutt misses something. Something hits you.
Something freezes you.
You barely miss something. Something completely misses you.
You closely miss something. Something hits you! Something freezes you.
* * * LOW HITPOINT WARNING * * *
Your shield and scale mail prevent you from hitting something.
Your headbutt misses something. Something hits you but does no damage.
You slash something! Something hits you!
* * * LOW HITPOINT WARNING * * *
Something freezes you.
You die...

#.##.##.##....
#.##.##.##..###.
#.##.#.........# .
#.##........# .# #
.. #.##†#...#.#
.#.#...
#.##.......###.#...
#.##..)..........
#..........###.#
#........#.@{g.#
#......#.####..#
#.......##....†.#
#.#..>..#..##.s.#
#.##.###.#.#..#..
#. #.# ##.#.s .##
#. #.# .#.# ## #.
..


You could see a hobgoblin.

Vanquished Creatures
  Terence (D:2)
  An adder (D:2)
  An ooze (D:1)
  2 dart slugs (D:1)
  A leopard gecko (D:1)
  2 giant cockroaches (D:2)
  6 goblins
  6 hobgoblins
  3 bats (D:1)
  A frilled lizard (D:1)
  6 kobolds
  8 rats
38 creatures vanquished.

Notes
Turn   | Place    | Note
-------+----------+-------------------------------------------
     0 | D:1      | Pytinka the Minotaur Fighter began the quest for the Orb.
     0 | D:1      | Reached XP level 1. HP: 19/19 MP: 0/0
   111 | D:1      | Reached XP level 2. HP: 27/27 MP: 1/1
   334 | D:1      | Reached XP level 3. HP: 21/33 MP: 2/2
   701 | D:2      | Noticed Terence
   706 | D:2      | Killed Terence
   706 | D:2      | Reached XP level 4. HP: 40/40 MP: 3/3
   715 | D:2      | Noticed Sigmund
   734 | D:2      | HP: 1/40 [something (10)]
   734 | D:2      | Slain by Sigmund

Skill      XL: |  1  2  3  4 |
---------------+-------------+-----
Shields        | 4 |  4.2
Axes           | 3 4 |  4.1
Fighting       | 4 |  4.1
Armour         | 4 |  4.0
Dodging        | |  0.5

Action                   |  1- 3 |  4- 6 || total
-------------------------+-------+-------++-------
Melee: War axe           |    82 |    15 ||    97
       Headbutt          |     8 |     1 ||     9
Armor: Scale mail        |    44 |     7 ||    51
Dodge: Dodged            |    19 |     3 ||    22
Block: Shield            |    38 |     2 ||    40
